 Dungeon Crawl Stone Soup version 0.26-a0-846-gcc8f1ee719 (webtiles) character file.

Game seed: 4146898093002076743

44300 mhtbhm the Blocker (level 14, -16/129 HPs)
             Began as a Gargoyle Fighter on Nov 19, 2020.
             Was a High Priest of Okawaru.
             Killed from afar by an ice beast (38 damage)
             ... with an exploding inner flame
             ... in an ice cave on Nov 20, 2020.
             The game lasted 00:30:13 (17314 turns).

mhtbhm the Blocker (Gargoyle Fighter)              Turns: 17314, Time: 00:30:13

Health: -16/129    AC: 24    Str: 24    XL:     14   Next: 28%
Magic:  14/14      EV: 11    Int: 12    God:    Okawaru [*****.]
Gold:   974        SH: 23    Dex: 13    Spells: 13/13 levels left

rFire    . . .     SeeInvis +   a - +5 mace of Veesim {freeze, +Rage Int+2 Dex-3 SInv}
rCold    + . .     Faith    .   c - +3 tower shield {rF+}
rNeg     + . .     Spirit   .   b - +3 ring mail of Wajod {rPois Regen+ Dex+4 Slay-2}
rPois    ∞         Reflect  .   (no helmet)
rElec    +         Harm     .   x - +0 cloak
rCorr    +         Rampage  .   G - +0 pair of gloves {Dex+3}
MR       +....                  k - +0 pair of boots
Stlth    ..........             (no amulet)
HPRegen  0.71/turn              f - ring of resist corrosion
MPRegen  0.14/turn              v - ring of ice

@: mighty, berserking (expiring), attractive, studying Evocations, very quick
A: big wings, negative energy resistance 1, electricity resistance, unbreathing,
petrification resistance, rot immunity, AC +10
a: Fly, Heroism, Finesse, Renounce Religion, Evoke Berserk Rage


You were in an ice cave.
You worshipped Okawaru.
Okawaru was extremely pleased with you.
You visited 3 branches of the dungeon, and saw 16 of its levels.
You also visited: Ice Cave.

You collected 974 gold pieces.

Inventory:

Hand Weapons
 a - the +5 mace of Veesim (weapon) {freeze, +Rage Int+2 Dex-3 SInv}
   (You found it on level 2 of the Lair of Beasts)

   It has been specially enchanted to freeze those struck by it, causing extra
   injury to most foes and up to half again as much damage against particularly
   susceptible opponents.
   It can also slow down cold-blooded creatures.
   It affects your intelligence (+2).
   It affects your dexterity (-3).
   It lets you see invisible.
   It lets you go berserk.
 t - a cursed +4 morningstar
Armour
 b - the +3 ring mail of Wajod (worn) {rPois Regen+ Dex+4 Slay-2}
   (Okawaru gifted it to you on level 2 of the Lair of Beasts)

   It affects your dexterity (+4).
   It affects your accuracy and damage with ranged weapons and melee attacks
   (-2).
   It protects you from poison.
   It increases your rate of regeneration.
 c - a +3 tower shield of fire resistance (worn)
 k - a +0 pair of boots (worn)
 x - a +0 cloak (worn)
 G - a +0 pair of gloves of dexterity (worn)
Jewellery
 f - a ring of resist corrosion (left hand)
 v - a ring of ice (right hand)
Wands
 o - a wand of paralysis (8)
 s - a wand of iceblast (7)
 A - a wand of random effects (36)
 E - a wand of enslavement (16)
Scrolls
 e - 2 scrolls of amnesia
 g - a scroll of fear
 i - 6 scrolls of enchant weapon
 r - 6 scrolls of remove curse
 u - 4 scrolls of enchant armour
 H - a scroll of brand weapon {unknown}
Potions
 d - 2 potions of might
 j - a potion of curing
 l - 6 potions of flight
 n - 4 potions of mutation
 p - 2 potions of haste
 q - 3 potions of attraction
 D - a potion of brilliance {unknown}
Books
 w - a manual of Evocations


   Skills:
 + Level 9.4 Fighting
 + Level 12.5 Maces & Flails
 + Level 9.6 Armour
 + Level 5.1 Dodging
 + Level 3.4 Stealth
 + Level 13.9 Shields
 + Level 10.7 Evocations


You had 13 spell levels left.
You didn't know any spells.
Your spell library contained the following spells:

 Spells                   Type           Power        Failure   Level
 Corona                   Hex            #......      89%         1
 Magic Dart               Conj           #...         89%         1
 Slow                     Hex            #.......     96%         2
 Inner Flame              Hex/Fire       #.......     99%         3
 Portal Projectile        Hex/Tloc       #.....       99%         3
 Cause Fear               Hex            #.........   100%        4
 Leda's Liquefaction      Hex/Erth       #.........   100%        4


Dungeon Overview and Level Annotations

Branches:
Dungeon (11/15)            Temple (1/1) D:4            Lair (6/6) D:11
  Swamp (0/4) Lair:2          Orc (0/2) D:10          IceCv (1/1)
  Snake: Lair:2-4    Spider: Lair:2-4     Slime: Lair:5-6

Altars:
Ashenzari
Cheibriados
Dithmenos
Elyvilon
Fedhas
Gozag
Hepliaklqana
Kikubaaqudgha
Makhleb
Nemelex Xobeh
Okawaru
Qazlal
Ru
Sif Muna
Trog
Uskayaw
Vehumet
Wu Jian
Xom
Yredelemnul
Zin
The Shining One

Annotations:
IceCv 1 transporter


Innate Abilities, Weirdness & Mutations

You are resistant to torment.
Your stone body is resilient. (AC +10)
You are immune to poison.
Your large and strong wings let you fly indefinitely.
You resist negative energy. (rN+)
You are resistant to electric shocks. (rElec)
You can survive without breathing.
You are immune to petrification.
You are immune to rotting.


Message History

You sock the ice beast!
Flame seeps out of the ice beast.
Your attack snaps the ice beast out of its fear.
The ice beast is heavily wounded.
The white ugly thing is pulled toward you!
The ice beast is pulled toward you!
The ice beast is engulfed in blazing flames.
Okawaru accepts your kill.
The ice beast explodes!
The fiery explosion engulfs you!
* * * LOW HITPOINT WARNING * * *
The fiery explosion engulfs the white ugly thing!!!
Flame seeps out of the white ugly thing.
The white ugly thing is heavily wounded.
Your attack snaps the white ugly thing out of its fear.
The fiery explosion engulfs the ice beast!!!
The ice beast melts!
Okawaru accepts your kill.
The ice beast explodes!
The fiery explosion engulfs you!!!
You die...

####
###...####
#........##
..........##
...........##
.$..8Y......#
8.?.Y..Y....#
©[©)..u§∩.∩.#
8.!..§○@....#
.$..8§§§....#
.....§§Y...##
..........##
#........##
###...####
####


You could see a white ugly thing (inner flame, fleeing) and 4 ice beasts.

Vanquished Creatures
  4 hydras
  Harold (D:9)
  Erica (D:10)
  The ghost of Frask the Slicer, a novice MiFi of Okawaru (D:8)
  A two-headed ogre (D:9)
  A death yak (Lair:6)
  Nergalle (Lair:3)
  2 lindwurms
  2 oklob plants (D:11)
  4 elephants
  A wolf spider (Lair:6)
  Maurice (D:8)
  2 black mambas
  7 cane toads
  7 komodo dragons
  2 polar bears
  2 hornets
  Prince Ribbit (D:5)
  8 blink frogs
  A dream sheep (Lair:6)
  2 spriggans (Lair:2)
  40 yaks
  A basilisk (Lair:2)
  4 wyverns
  A steam dragon (D:8)
  A soldier ant (D:10)
  6 water moccasins
  7 orc warriors
  3 ice beasts
  5 black bears
  4 phantoms
  4 sky beasts
  7 wolves (Lair:2)
  A necrophage (D:9)
  An ogre (D:7)
  6 centaurs
  A big kobold (D:10)
  13 bullfrogs
  3 scorpions
  23 wights
  2 howler monkeys
  3 centaur zombies
  5 jellies
  A bullfrog zombie (D:7)
  Crazy Yiuf (D:5)
  A gnoll shaman (D:4)
  3 orc priests
  7 orc wizards
  A bullfrog skeleton (D:5)
  11 hell rats
  2 iguanas
  2 worker ants
  3 hound skeletons
  4 worker ant zombies
  11 gnolls
  9 adders
  2 shadow imps
  5 white imps
  An ufetubus (D:7)
  8 oozes
  An adder zombie (D:9)
  3 adder skeletons
  3 worms (D:2)
  3 dart slugs
  6 leopard geckos
  42 orcs
  2 ball pythons
  11 bats
  2 bat skeletons (D:2)
  A bat zombie (D:2)
  2 giant cockroaches
  6 goblins
  3 hobgoblins
  11 jackals
  4 frilled lizards
  20 kobolds
  2 leopard gecko skeletons
  A leopard gecko zombie (D:2)
  3 rats
391 creatures vanquished.

Vanquished Creatures (collateral kills)
  2 elephants (Lair:6)
  A blink frog (Lair:6)
3 creatures vanquished.

Vanquished Creatures (others)
  A blink frog (Lair:2)
  A swamp drake (Lair:2)
  2 orc wizards
  2 iguanas (Lair:2)
  An ooze (D:3)
  2 orcs (D:8)
  33 fungi
  55 plants
  7 toadstools (D:3)
  2 withered plants (D:2)
106 creatures vanquished.

Grand Total: 500 creatures vanquished

Notes
Turn   | Place    | Note
-------+----------+-------------------------------------------
     0 | D:1      | mhtbhm the Gargoyle Fighter began the quest for the Orb.
     0 | D:1      | Reached XP level 1. HP: 14/14 MP: 1/1
   130 | D:1      | Reached XP level 2. HP: 19/19 MP: 2/2
   830 | D:1      | Reached XP level 3. HP: 24/24 MP: 3/3
  1468 | D:2      | Reached skill level 4 in Shields
  1468 | D:2      | Reached XP level 4. HP: 28/29 MP: 4/4
  2073 | D:3      | Found a shimmering blue altar of Sif Muna.
  2404 | D:3      | Reached XP level 5. HP: 21/33 MP: 5/5
  2842 | D:3      | Reached skill level 5 in Shields
  2846 | D:3      | Reached skill level 1 in Dodging
  3148 | D:3      | Reached XP level 6. HP: 24/38 MP: 6/6
  3463 | D:4      | Found a radiant altar of Vehumet.
  3467 | D:4      | Found an ancient bone altar of Kikubaaqudgha.
  3467 | D:4      | Found a shimmering blue altar of Sif Muna.
  3473 | D:4      | Identified Vehumet's Guide on Confrontation
  3937 | D:4      | Found a snail-covered altar of Cheibriados.
  3960 | D:4      | Found a staircase to the Ecumenical Temple.
  3976 | Temple   | Entered the Ecumenical Temple
  4390 | D:5      | Entered Level 5 of the Dungeon
  4471 | D:5      | Reached XP level 7. HP: 11/43 MP: 7/7
  4989 | D:5      | Noticed Prince Ribbit
  5014 | D:5      | Reached skill level 6 in Shields
  5049 | D:5      | Killed Prince Ribbit
  5050 | D:5      | Reached skill level 5 in Armour
  5361 | D:5      | Reached skill level 5 in Maces & Flails
  5361 | D:5      | Reached XP level 8. HP: 39/48 MP: 8/8
  5553 | D:5      | Found a runed translucent door.
  5554 | D:5      | Noticed Crazy Yiuf
  5565 | D:5      | Killed Crazy Yiuf
  6291 | D:6      | Noticed a hornet
  6297 | D:6      | Killed a hornet
  6298 | D:6      | Reached skill level 5 in Fighting
  6408 | D:6      | Reached skill level 7 in Shields
  6451 | D:6      | Reached skill level 1 in Stealth
  6592 | D:6      | Found a stormy altar of Qazlal.
  6681 | D:6      | Reached XP level 9. HP: 54/54 MP: 9/9
  7413 | D:7      | Reached skill level 8 in Shields
  8193 | D:7      | Identified the +1 ring mail of Buuleen {Int+6 Slay-5}
  8384 | D:7      | Found a shadowy altar of Dithmenos.
  8721 | D:8      | Found a large runed translucent door.
  8725 | D:8      | Found a large runed translucent door.
  8727 | D:8      | Noticed Frask's ghost (novice MiFi)
  8941 | D:8      | Reached skill level 9 in Shields
  8941 | D:8      | Reached XP level 10. HP: 32/59 MP: 10/10
  8942 | D:8      | Noticed Maurice
  8968 | D:8      | Killed Maurice
  9449 | D:8      | Found an iron altar of Okawaru.
  9462 | D:8      | Became a worshipper of Warmaster Okawaru
  9629 | D:8      | Killed Frask's ghost
  9629 | D:8      | Reached * piety under Okawaru
  9899 | D:9      | Reached skill level 10 in Shields
 10501 | D:9      | Noticed a two-headed ogre
 10515 | D:9      | Killed a two-headed ogre
 10515 | D:9      | Reached ** piety under Okawaru
 10779 | D:9      | Reached XP level 11. HP: 51/64 MP: 11/11
 10796 | D:9      | Reached *** piety under Okawaru
 10884 | D:9      | Noticed Harold
 10904 | D:9      | Killed Harold
 10905 | D:9      | Reached skill level 10 in Maces & Flails
 10905 | D:9      | Reached skill level 1 in Evocations
 10955 | D:9      | Reached **** piety under Okawaru
 11258 | D:10     | Entered Level 10 of the Dungeon
 11285 | D:10     | Reached skill level 11 in Shields
 11697 | D:10     | Noticed Erica
 11712 | D:10     | Killed Erica
 11712 | D:10     | Reached ***** piety under Okawaru
 11964 | D:10     | Found a staircase to the Orcish Mines.
 12683 | D:11     | Noticed an oklob plant
 12685 | D:11     | Found a staircase to the Lair.
 12689 | D:11     | Noticed an oklob plant
 12715 | D:11     | Killed an oklob plant
 12715 | D:11     | Received a gift from Okawaru
 12729 | D:11     | Killed an oklob plant
 12925 | Lair:1   | Entered Level 1 of the Lair of Beasts
 12962 | Lair:1   | Reached XP level 12. HP: 43/73 MP: 12/12
 13598 | Lair:1   | Noticed a seven-headed hydra
 13608 | Lair:1   | Killed a seven-headed hydra
 13609 | Lair:1   | Reached skill level 12 in Shields
 13977 | Lair:1   | Noticed a seven-headed hydra
 14173 | Lair:1   | Killed a seven-headed hydra
 14839 | Lair:1   | Reached skill level 10 in Evocations
 14839 | Lair:1   | Reached XP level 13. HP: 79/79 MP: 13/13
 15402 | Lair:2   | Received a gift from Okawaru
 15424 | Lair:2   | Got an encrusted ring mail {god gift}
 15430 | Lair:2   | Identified the +3 ring mail of Wajod {rPois Regen+ Dex+4
                  | Slay-2} (Okawaru gifted it to you on level 2 of the Lair of
                  | Beasts)
 15836 | Lair:2   | Reached skill level 13 in Shields
 15901 | Lair:2   | Found a staircase to the Swamp.
 16563 | Lair:2   | Got a slimy mace
 16564 | Lair:2   | Identified the +5 mace of Veesim {freeze, +Rage Int+2 Dex-3
                  | SInv} (You found it on level 2 of the Lair of Beasts)
 16695 | Lair:3   | Noticed Nergalle
 16713 | Lair:3   | Killed Nergalle
 16714 | Lair:3   | Gained mutation: Your large and strong wings let you fly
                  | indefinitely. [Gargoyle growth]
 16714 | Lair:3   | Reached XP level 14. HP: 86/86 MP: 12/14
 16964 | Lair:3   | You fall into a shaft and drop 3 floors!
 16964 | Lair:6   | Entered Level 6 of the Lair of Beasts
 17200 | Lair:6   | Reached skill level 5 in Dodging
 17281 | Lair:6   | Found a frozen archway.
 17305 | IceCv    | Entered an ice cave
 17313 | IceCv    | Found a transporter.
 17314 | IceCv    | Killed from afar by an ice beast

Illustrated notes

Levels and vault maps discovered:
D:1:      scummos_arrival_forest, layout_loops_ring, serial_co_window_serial,
          co_window_paths_a, co_window_of_opportunity_a, co_window_paths_b,
          co_window_corner_a, co_window_corner_a, co_window_2corner,
          co_window_corner_cb, co_window_2corner, co_window_cross_2,
          co_window_2corner, co_window_broadway_a, co_window_4corner_a
D:2:      layout_rooms, serial_undead, serial_undead_f, serial_undead_a,
          serial_undead_e, serial_undead_f, grunt_ministairs_12
D:3:      cheibrodos_fertilizer, layout_rooms, led_sif_book
D:4:      layout_basic, kennysheep_little_box,
          grunt_temple_overflow_magic_moments,
          minmay_temple_entry_statues_fountains
D:5:      layout_cave_pods, minmay_manual_monstrance, uniq_prince_ribbit1,
          uniq_crazy_yiuf_cottage
D:6:      layout_cave_pods, nicolae_qazlal_general_emergency, kb_rosetta
D:7:      layout_basic, grunt_dithmenos_shadows
D:8:      layout_cave_pools, nicolae_overflow_hidden_temple,
          ebering_ghost_disaster_area, uniq_maurice
D:9:      layout_roguey, uniq_harold
D:10:     layout_stronghold, orc_0_dummy, uniq_erica
D:11:     layout_irregular_city, dpeg_oklobed_lair, serial_shops, shop,
          nicolae_trove_entry_crystal, st_stairs_13
Temple:   minmay_freezing_vapour_temple
Lair:1:   layout_chaotic_city, nicolae_lair_grove_arrangements,
          hangedman_lair_generics_rect
Lair:2:   layout_chaotic_city, minmay_swamp_entry_reptiles, forest_entry_grove
Lair:3:   layout_hall_layers, fungi_pond_lemuel, infiniplex_staircase_pool_2,
          grunt_megastairs_2, uniq_nergalle
Lair:6:   hangedman_lair_tendril_chambers, layout_regular_city,
          hangedman_lair_in_review, portal_ice_cave_entry_ice_beasts,
          minmay_lair_oklob_chamber
IceCv:    ice_cave_statue_garden_transporter

Skill      XL: |  1  2  3  4  5  6  7  8  9 10 11 12 13 14 |
---------------+-------------------------------------------+-----
Shields        | 4 5 6 7 9 10 11 12 13 | 13.9
Maces & Flails | 3 5 6 7 9 11 12 | 12.5
Dodging        | 1 2 3 4 5 |  5.1
Armour         | 4 5 7 8 9 |  9.6
Fighting       | 4 5 6 7 8 9 |  9.4
Stealth        | 1 2 3 |  3.4
Evocations     | 1 10 | 10.7

Action                   |  1- 3 |  4- 6 |  7- 9 | 10-12 | 13-15 || total
-------------------------+-------+-------+-------+-------+-------++-------
Melee: Flail             |   148 |   201 |   460 |   662 |   302 ||  1773
       Whip              |       |    64 |       |       |       ||    64
       Mace              |       |       |       |       |   269 ||   269
Invok: Heroism           |       |       |       |       |     1 ||     1
 Abil: Evoke Berserk Rag |       |       |       |       |     2 ||     2
Evoke: Wand              |       |     6 |     1 |     9 |     4 ||    20
  Use: Scroll            |       |     3 |     4 |     6 |    13 ||    26
       Potion            |       |       |     2 |     3 |     3 ||     8
 Stab: Paralysed         |       |       |       |     5 |       ||     5
       Confused          |       |       |       |       |     4 ||     4
       Fleeing           |       |       |       |       |     1 ||     1
Armor: Scale mail        |    97 |   170 |   210 |       |       ||   477
       Chain mail        |       |       |     7 |   274 |    27 ||   308
       Ring mail         |       |       |       |       |   184 ||   184
Dodge: Dodged            |    63 |   113 |   172 |   151 |   183 ||   682
Block: Kite shield       |   102 |   208 |   344 |   294 |       ||   948
       Tower shield      |       |       |       |   199 |   800 ||   999

Table legend: (Time is in decaauts)
 A = Elapsed time spent in this place.
 B = Non-inter-level travel time spent in this place.
 C = Inter-level travel time spent in this place.
 D = Time resting spent in this place.
 E = Time spent auto-exploring this place.
 F = Levels seen in this place.
 G = Mean time per level.
                   A        B        C        D        E       F      G
               +--------+--------+--------+--------+--------+-----+--------+
         Total |  17408 |  17166 |    242 |   4328 |   8088 |  17 | 1024.0 |
       Dungeon |  13028 |  12786 |    242 |   2811 |   6574 |  11 | 1184.4 |
        Temple |     64 |     64 |      0 |      0 |      0 |   1 |   64.0 |
          Lair |   4308 |   4308 |      0 |   1517 |   1513 |   4 | 1077.0 |
      Ice Cave |      7 |      7 |      0 |      0 |      0 |   1 |    7.0 |
               +--------+--------+--------+--------+--------+-----+--------+

Top non-repeatable levels by time:
  Lair:1: 2222 daAuts
     D:7: 1766 daAuts
     D:3: 1627 daAuts
     D:9: 1540 daAuts
     D:5: 1477 daAuts
  Lair:2: 1426 daAuts
    D:10: 1356 daAuts
     D:1: 1232 daAuts
     D:6: 1146 daAuts
     D:8: 1000 daAuts
     D:4: 927 daAuts
     D:2: 656 daAuts
  Lair:3: 336 daAuts
  Lair:6: 322 daAuts
    D:11: 298 daAuts
